 Dungeon Crawl Stone Soup version 0.18.1-48-g4cf74bf (webtiles) character file.

197 luca467 the Skirmisher (level 5, 0/38 HPs)
             Began as an Octopode Fighter on Sept 12, 2016.
             Slain by an ooze (5 damage)
             ... on level 3 of the Dungeon.
             The game lasted 00:10:25 (2408 turns).

luca467 the Skirmisher (Octopode Fighter)           Turns: 2408, Time: 00:10:26

Health: 0/38       AC:  1    Str: 21    XL:     5   Next: 75%
Magic:  5/5        EV: 10    Int: 11    God:
Gold:   137        SH:  9    Dex: 12    Spells: 0 memorised, 4 levels left

rFire  . . .     SeeInvis .     a - +0 long sword
rCold  . . .     Gourm    .     b - +0 shield
rNeg   . . .     Faith    .     (helmet restricted)
rPois  .         Spirit   .     (no amulet)
rElec  .         Dismiss  .     m - +6 ring of strength
rCorr  .         Reflect  .     j - ring of protection from magic
SustAt .         Harm     .     (no ring)
MR     +....                    (no ring)
Stlth  ++........               (no ring)
                                (no ring)
                                (no ring)
                                (no ring)

@: somewhat resistant to hostile enchantments, unstealthy
A: almost no armour, amphibious, 8 rings, constrict 8, camouflage 1, gelatinous
body 1
a: no special abilities


You were on level 3 of the Dungeon.
You were not hungry.

You visited 1 branch of the dungeon, and saw 3 of its levels.

You collected 137 gold pieces.

Inventory:

Hand Weapons
 a - a +0 long sword (weapon)
 f - a +0 dagger
 k - a +2 dagger of protection
 n - a +0 great sword
Armour
 b - a +0 shield (worn)
Jewellery
 j - a ring of protection from magic (right tentacle)
 m - a +6 ring of strength (left tentacle)
Scrolls
 e - a scroll of immolation {unknown}
 p - 3 scrolls of remove curse
 t - a scroll of identify
 u - a scroll of enchant armour {unknown}
Potions
 c - a potion of might
 g - a potion of lignification {unknown}
 q - a potion of mutation {unknown}
 r - 2 potions of agility {unknown}
 s - a potion of curing {unknown}
Comestibles
 d - a bread ration
 h - 2 meat rations
 i - 2 beef jerkies
 l - a fruit
 o - 2 chunks of flesh


   Skills:
 * Level 4.4 Fighting
 * Level 4.0 Long Blades
 - Level 3.0 Dodging
 + Level 3.9 Shields


You had 4 spell levels left.
You didn't know any spells.

Dungeon Overview and Level Annotations

Branches:
Dungeon (3/15)

Altars:
Qazlal

Annotations:
D:3 Scuka's ghost, amateur MfTm


Innate Abilities, Weirdness & Mutations

You cannot wear most types of armour.
You are amphibious.
You can wear up to eight rings at the same time.
You can use your tentacles to constrict eight enemies at once.
Your skin changes colour to match your surroundings (Stealth).
Your rubbery body absorbs attacks (AC +1).


Message History

Scuka's ghost is lightly damaged.
You block Scuka's ghost's attack.
You slash Scuka's ghost! Your squeeze misses Scuka's ghost.
Scuka's ghost is moderately damaged.
You block Scuka's ghost's attack. Scuka's ghost hits you.
An ooze comes into view.
You miss Scuka's ghost. Your squeeze misses Scuka's ghost.
Scuka's ghost is moderately damaged.
Scuka's ghost hits you.
Your shield prevents you from hitting Scuka's ghost.
Scuka's ghost is moderately damaged.
Scuka's ghost hits you!
* * * LOW HITPOINT WARNING * * *
You are too injured to fight recklessly!
The ooze barely misses you.
You hit the ooze. You squeeze the ooze.
The ooze is almost dead.
Scuka's ghost closely misses you. You block the ooze's attack.
You block Scuka's ghost's attack. The ooze hits you.
You die...

#.# >.#...##.#.. #.#
........ ... #.# .....#
.. #.# #.#.# .# #.#
#...##.# #.# #.....# #.#
#W.#.## ##W# #..#..#
#@.# #..##.# #
#######J###### #..##.##.
#.....#......###...#....
..............##.#.##...
...............#.#..#.÷.
...............#.##...#.
............r....÷÷...#.
...<.............####...
...............(.# ###.


You could see Scuka's ghost, an ooze and a rat (wandering).

Vanquished Creatures
  Crazy Yiuf (D:2)
  6 adders
  4 gnolls (D:2)
  2 worms (D:2)
  4 dart slugs
  5 giant geckos
  2 giant cockroaches
  7 goblins
  4 hobgoblins
  9 jackals
  3 kobolds (D:1)
  A quokka (D:3)
  A ball python (D:2)
  3 bats
  4 giant newts
  6 rats
  2 fungi (D:2)
  A plant (D:2)
65 creatures vanquished.

Vanquished Creatures (others)
  4 toadstools (D:1)
4 creatures vanquished.

Grand Total: 69 creatures vanquished

Notes
Turn   | Place    | Note
--------------------------------------------------------------
     0 | D:1      | luca467 the Octopode Fighter began the quest for the Orb.
     0 | D:1      | Reached XP level 1. HP: 16/16 MP: 1/1
   401 | D:1      | Reached XP level 2. HP: 21/21 MP: 2/2
   965 | D:2      | Reached XP level 3. HP: 26/26 MP: 3/3
  1039 | D:2      | Found a stormy altar of Qazlal.
  1168 | D:2      | Reached XP level 4. HP: 33/33 MP: 4/4
  1580 | D:2      | Reached XP level 5. HP: 37/37 MP: 5/5
  1879 | D:2      | Noticed Crazy Yiuf
  1886 | D:2      | Killed Crazy Yiuf
  2182 | D:3      | Noticed Scuka's ghost (amateur MfTm)
  2408 | D:3      | Slain by an ooze

Skill      XL: |  1  2  3  4  5 |
---------------+----------------+-----
Long Blades    | 3 4 |  4.0
Fighting       | 4 |  4.4
Dodging        | |  3.0
Shields        | |  3.9

Action                   |  1- 3 |  4- 6 || total
-------------------------+-------+-------++-------
Melee: Long sword        |    56 |    97 ||   153
       Constrict         |    13 |    22 ||    35
       Tentacles         |    10 |    27 ||    37
  Use: Scroll            |     4 |     1 ||     5
 Stab: Sleeping          |     7 |     1 ||     8
       Distracted        |       |     1 ||     1
  Eat: Chunk             |     1 |     4 ||     5
Armor: Skin              |     1 |     3 ||     4
Dodge: Dodged            |    19 |    40 ||    59
Block: Shield            |    23 |    44 ||    67
